 Dungeon Crawl Stone Soup version 0.28.0-45-g0d030f2227 (webtiles) character file.

Game seed: 3637923839957794369

120537 Eitelfritz the Bludgeoner (level 16, -1/155 HPs)
             Began as a Minotaur Gladiator on Apr 8, 2022.
             Was the Champion of Nemelex Xobeh.
             Shot with a stone by a faun (13 damage)
             ... on level 3 of the Shoals.
             The game lasted 01:40:10 (28581 turns).

Eitelfritz the Bludgeoner (Minotaur Gladiator)     Turns: 28581, Time: 01:40:11

Health: -1/155     AC: 16    Str: 25      XL:     16   Next: 30%
Magic:  15/23      EV: 20    Int:  6 (9)  God:    Nemelex Xobeh [******]
Gold:   1271       SH:  0    Dex: 19      Spells: 15/15 levels left

rFire   . . .      SeeInvis +   a - +9 dire flail (vorpal)
rCold   + . .      Faith    .   (shield currently unavailable)
rNeg    . . .      Spirit   .   D - +0 troll leather armour
rPois   +          Reflect  .   x - +1 hat of Liomaoli {rPois Str+3 SInv}
rElec   .          Harm     .   o - +0 cloak
rCorr   .          Rampage  ∞   Y - +1 pair of gloves
Will    .....                   g - +3 pair of seven-league boots {Rampage+∞}
Stlth   +++.......              L - amulet of regeneration
HPRegen 1.95/turn               U - ring of Fuder {Dex+6 Slay+3}
MPRegen 0.18/turn               s - ring of the Traitor {Fly rC+}

@: weak-willed, flying, mesmerised, studying Bows
A: horns 2, retaliatory headbutt
a: Renounce Religion, Draw Escape, Draw Destruction, Draw Summoning, Triple
Draw, Deal Four, Stack Five


You were on level 3 of the Shoals.
You worshipped Nemelex Xobeh.
Nemelex Xobeh was exalted by your worship.
You visited 5 branches of the dungeon, and saw 24 of its levels.
You also visited: Sewer, Bailey, Gauntlet and Ice Cave.

You collected 2206 gold pieces.
You spent 935 gold pieces at shops.

Inventory:

Hand Weapons
 a - a +9 vorpal dire flail (weapon)
 b - a +1 longbow
 w - the +5 morningstar "Fearphil" {freeze, rElec rF- MP+9 Str+3}
   (You found it on level 1 of the Lair of Beasts)

   It freezes those it strikes, dealing additional cold damage.
   It can also slow down cold-blooded creatures.
   Str:       It affects your strength (+3).
   rF:        It makes you vulnerable to fire.
   rElec:     It insulates you from electricity.
   MP:        It affects your magic capacity (+9).
Missiles
 d - 6 throwing nets
 f - 363 arrows
 k - 15 javelins (quivered)
Armour
 g - the +3 pair of seven-league boots (worn) {Rampage+∞}
   (You acquired it on level 4 of the Dungeon)

   Its wearer moves as far as possible in that direction when moving towards
   enemies.
 o - a +0 cloak (worn)
 x - the +1 hat of Liomaoli (worn) {rPois Str+3 SInv}
   (You acquired it on level 4 of the Dungeon)

   Str:       It affects your strength (+3).
   rPois:     It protects you from poison.
   SInv:      It lets you see invisible.
 D - a +0 troll leather armour (worn)
 Y - a +1 pair of gloves (worn)
Jewellery
 q - a ring of protection from fire
 s - the ring of the Traitor (right hand) {Fly rC+}
   (You found it in a Gauntlet)

   [ring of flight]

   rC:        It protects you from cold.
   Fly:       It grants you flight.
 G - a ring of protection from cold
 L - an amulet of regeneration (around neck)
 U - the ring of Fuder (left hand) {Dex+6 Slay+3}
   (You took it off a gnoll on level 7 of the Dungeon)

   [ring of dexterity]

   Dex:       It affects your dexterity (+6).
   Slay:      It affects your accuracy & damage with ranged weapons and melee
   (+3).
 Z - a ring of resist corrosion
Wands
 c - a wand of acid (7)
 u - a wand of mindburst (8)
 y - a wand of iceblast (5)
 A - a wand of polymorph (11)
 F - a wand of flame (18)
 S - a wand of digging (10)
 T - a wand of paralysis (22)
 V - a wand of charming (14)
Scrolls
 h - a scroll of holy word
 i - 12 scrolls of teleportation
 j - 9 scrolls of identify
 l - a scroll of enchant weapon
 n - a scroll of vulnerability
 r - 3 scrolls of magic mapping
 I - a scroll of silence
 M - 2 scrolls of fear
 O - a scroll of summoning
 P - 5 scrolls of blinking
 Q - 6 scrolls of fog
 X - 2 scrolls of amnesia
Potions
 m - 5 potions of brilliance
 t - 3 potions of invisibility
 v - 2 potions of might
 z - 6 potions of haste
 B - 13 potions of curing
 C - 2 potions of heal wounds
 E - a potion of ambrosia
 J - 3 potions of resistance
 K - 2 potions of cancellation
 R - 3 potions of berserk rage
Miscellaneous
 e - a tin of tremorstones (2/2)
 N - a phantom mirror
 W - a piece from Xom's chessboard (15/15)


   Skills:
 + Level 17.2 Fighting
 + Level 19.8 Maces & Flails
 + Level 5.2 Bows
 + Level 4.7 Throwing
 + Level 12.7 Armour
 + Level 12.0 Dodging
 + Level 4.0 Stealth
 * Level 11.9 Invocations


You had 15 spell levels left.
You didn't know any spells.
Your spell library contained the following spells:

 Spells                   Type           Power      Damage    Failure   Level
 Animate Skeleton         Necr           0%         N/A       50%         1
 Apportation              Tloc           0%         N/A       50%         1
 Beastly Appendage        Tmut           0%         N/A       50%         1
 Foxfire                  Conj/Fire      0%         2x1d4     50%         1
 Pain                     Necr           0%         1d4       50%         1
 Shock                    Conj/Air       0%         1d3       50%         1
 Summon Small Mammal      Summ           0%         N/A       50%         1
 Ensorcelled Hibernation  Hex/Ice        0%         N/A       63%         2
 Passwall                 Tmut/Erth      0%         N/A       63%         2
 Poisonous Vapours        Pois/Air       0%         N/A       63%         2
 Sublimation of Blood     Necr           0%         N/A       63%         2
 Wereblood                Tmut           0%         N/A       63%         2
 Call Canine Familiar     Summ           0%         N/A       86%         3
 Confusing Touch          Hex            0%         N/A       86%         3
 Conjure Flame            Conj/Fire      0%         6-21      86%         3
 Frozen Ramparts          Ice            0%         1d2       86%         3
 Inner Flame              Hex/Fire       0%         N/A       86%         3
 Portal Projectile        Hex/Tloc       0%         N/A       86%         3
 Spider Form              Tmut/Pois      0%         N/A       86%         3
 Swiftness                Air            0%         N/A       86%         3
 Vampiric Draining        Necr           0%         2d6       86%         3
 Airstrike                Air            0%         N/A       99%         4
 Anguish                  Hex/Necr       0%         N/A       99%         4
 Animate Dead             Necr           0%         N/A       99%         4
 Flame Wave               Conj/Fire      0%         2d4       99%         4
 Fulminant Prism          Conj/Hex       0%         3d6       99%         4
 Ice Form                 Ice/Tmut       0%         N/A       99%         4
 Iskenderun's Mystic Bla  Conj/Tloc      0%         2d3       99%         4
 Leda's Liquefaction      Hex/Erth       0%         N/A       99%         4
 Petrify                  Tmut/Erth      0%         N/A       99%         4
 Summon Ice Beast         Ice/Summ       0%         N/A       99%         4
 Summon Lightning Spire   Summ/Air       0%         N/A       99%         4
 Agony                    Necr           0%         N/A       100%        5
 Borgnjor's Vile Clutch   Necr/Erth      0%         N/A       100%        5
 Excruciating Wounds      Necr           0%         N/A       100%        5
 Freezing Cloud           Conj/Ice/Air   0%         6-21      100%        5
 Irradiate                Conj/Tmut      0%         3d13      100%        5
 Iskenderun's Battlesphe  Conj           0%         2d6       100%        5
 Lee's Rapid Deconstruct  Erth           0%         3d5*      100%        5
 Lightning Bolt           Conj/Air       0%         1d11      100%        5
 Metabolic Englaciation   Hex/Ice        0%         N/A       100%        5
 Summon Mana Viper        Hex/Summ       0%         N/A       100%        5
 Yara's Violent Unravell  Hex/Tmut       0%         3d3       100%        5
 Iron Shot                Conj/Erth      0%         9d1       100%        6
 Simulacrum               Ice/Necr       0%         N/A       100%        6
 Statue Form              Tmut/Erth      0%         N/A       100%        6
 Enfeeble                 Hex            0%         N/A       100%        7
 Haunt                    Necr/Summ      0%         N/A       100%        7
 Malign Gateway           Summ/Tloc      0%         N/A       100%        7
 Spellforged Servitor     Conj/Summ      0%         N/A       100%        7
 Infestation              Necr           0%         N/A       100%        8
 Polar Vortex             Ice            0%         N/A       100%        9


Dungeon Overview and Level Annotations

Branches:
Dungeon (13/15)            Temple (1/1) D:7            Lair (6/6) D:10
 Shoals (3/4) Lair:4       Spider (1/4) Lair:4        Slime (0/5) Lair:5
    Orc (0/2) D:12          Sewer (visited)          Bailey (visited)
  IceCv (visited)         Gauntlet (visited)
 Vaults: D:13-14

Altars:
Ashenzari
Cheibriados
Dithmenos
Elyvilon
Fedhas
Gozag
Hepliaklqana
Kikubaaqudgha
Makhleb
Nemelex Xobeh
Okawaru
Qazlal
Ru
Sif Muna
Trog
Uskayaw
Vehumet
Wu Jian
Xom
Yredelemnul
Zin
The Shining One
Lugonu

Shops:
D:5 [   D:6 !   D:10 (**[*   D:12 *   Shoals:1 (

Portals:
Abyss: Lair:6

Annotations:
D:13 2 transporters, Gasan's ghost, journeyman DrFE


Innate Abilities, Weirdness & Mutations

You have a pair of horns on your head.
You reflexively headbutt those who attack you in melee.


Message History

The merfolk siren chants its luring song.
The faun shoots a stone.
The stone hits you!
* * * LOW HITPOINT WARNING * * *
The neqoxec gestures at you.
You feel dopey. Something feeds on your intellect!
Your rakshasa hits the neqoxec with a +1 whip of flaming!
Your rakshasa burns the neqoxec!
Your naga sharpshooter spits poison at the merfolk.
The splash of poison hits the merfolk.
The merfolk is poisoned.
The merfolk barely misses you.
Eitelfritz's illusion hits the neqoxec!!
The neqoxec dies!
The neqoxec disappears in a puff of smoke!
The wind drake closely misses you. The merfolk closely misses you.
You feel much better.
Your killer bee stings the merfolk!
Your centaur warrior hits the faun!
Your centaur warrior kicks the faun but does no damage.
The faun shoots a sling bullet.
The sling bullet completely misses you. The sling bullet hits your rakshasa!
The wind drake flaps its wings at you. The air twists around and strikes you!
* * * LOW HITPOINT WARNING * * *
Your killer bee stings the merfolk but does no damage.
The faun shoots a stone.
The stone hits your killer bee!!
Your killer bee dies!
Your killer bee's corpse disappears in a puff of smoke!
Your centaur warrior hits the faun.
Your centaur warrior closely misses the faun.
The merfolk hits you but does no damage.
The merfolk hits you from afar with a +0 trident!
* * * LOW HITPOINT WARNING * * *
Your naga sharpshooter unwields a +0 halberd.
Your naga sharpshooter wields a +0 shortbow.
Your naga sharpshooter shoots an arrow.
The arrow hits the merfolk!
The faun shoots a stone.
The stone barely misses your centaur warrior.
The stone hits you!
You die...
Your body disappears without a glow.

≈≈≈≈≈≈≈≈≈≈≈≈≈≈≈≈
≈c≈≈≈≈≈≈≈≈≈≈≈≈≈≈
≈≈≈>....≈≈≈≈≈≈≈≈
≈≈≈.....≈≈≈≈≈≈≈≈
≈≈$m..≈≈≈..≈≈≈≈≈
≈≈ #.<..≈.≈≈≈≈≈≈
...##c.m.N≈≈≈≈≈≈
....c..†y≈≈≈≈≈≈≈
≈≈≈...#@......≈≈
≈≈≈...kR@....≈≈≈
≈..≈≈.c)m.#...≈≈
≈≈≈≈≈.....##...≈
≈≈≈≈.≈.......≈..
≈≈≈≈≈≈......≈≈≈≈
≈≈≈≈≈≈≈≈≈......≈
≈≈≈≈≈<≈≈≈≈≈≈≈.≈
≈≈≈≈≈≈≈≈≈≈≈≈≈≈≈


You could see a wind drake (repels missiles, ally target), 2 merfolk, 3 fauns, a
merfolk siren (mesmerising), a friendly naga sharpshooter (summoned, catching
breath), a friendly rakshasa (summoned), a friendly centaur warrior (summoned),
a friendly killer bee (summoned) and the friendly Eitelfritz's illusion
(summoned).

Vanquished Creatures
  Mlioglotl (Shoals:1)
  A kraken (Shoals:2)
  Frances (Shoals:1)
  Roxanne (Shoals:1)
  Azrael (D:12)
  A minotaur (Gauntlet)
  4 merfolk impalers
  A great orb of eyes (Gauntlet)
  2 boulder beetles
  Fannar (D:10)
  2 ice dragons
  8 hydras
  A merfolk avatar (Shoals:2)
  6 centaur warriors
  A merfolk aquamancer (Shoals:1)
  Erica (Lair:2)
  3 two-headed ogres
  A tengu warrior (D:12)
  A death knight (D:13)
  8 death yaks (Lair:5)
  2 large abominations (Gauntlet)
  4 thrashing horrors (Lair:6)
  Sonja (D:13)
  Nergalle (Lair:2)
  The ghost of Andrea the Covert, a novice GnDe of Cheibriados (D:7)
  3 sea snakes
  3 skeletal warriors (D:12)
  2 bog bodies (IceCv)
  An orc knight (Bailey)
  20 harpies
  A deep elf pyromancer (D:13)
  6 cyclopes
  4 manticores
  6 ugly things
  20 fauns (Shoals:1)
  A moth of wrath (Lair:6)
  4 black mambas
  An ice statue (IceCv)
  8 merfolk sirens
  Joseph (D:10)
  6 elephants (Lair:6)
  2 water nymphs
  A gargoyle (D:11)
  2 smoke demons (Lair:6)
  2 torpor snails
  12 cane toads
  4 rime drakes
  An unseen horror (D:7)
  5 komodo dragons
  2 kobold demonologists (D:11)
  A tengu conjurer (D:8)
  An ice devil (IceCv)
  A freezing wraith (IceCv)
  An anaconda simulacrum (IceCv)
  9 merfolk
  An ancient zyme (Lair:6)
  11 trolls
  4 polar bears
  A wind drake (Shoals:1)
  3 hornets
  A blink frog (shapeshifter) (Lair:6)
  10 slime creatures
  A tyrant leech (Lair:6)
  17 blink frogs
  2 meliai zombies
  13 dream sheep
  19 small abominations
  A shadow (D:10)
  2 dire elephant simulacra (IceCv)
  2 snapping turtles (Shoals:1)
  6 water elementals
  A ynoxinul (Lair:6)
  A spriggan (Lair:6)
  4 wyverns
  A vampire (D:13)
  A wraith (D:10)
  3 chaos spawn (Lair:6)
  4 fire elementals
  38 yaks
  2 steam dragons (D:7)
  10 vampire mosquitoes
  A death yak simulacrum (IceCv)
  6 basilisks
  2 swamp worms (Lair:6)
  Edmund (D:4)
  An acid dragon (D:13)
  An acid dragon (shapeshifter) (D:8)
  13 water moccasins
  A floating eye (D:10)
  2 hell hounds (D:12)
  Pargi (Sewer)
  3 necrophages
  An ice beast (D:7)
  16 orc warriors
  2 sky beasts
  4 black bears
  10 ogres
  A black bear (shapeshifter) (Lair:6)
  7 wolves
  8 centaurs
  A phantom (D:5)
  7 kobold brigands
  14 bullfrogs
  5 scorpions
  2 two-headed ogre simulacra (IceCv)
  3 cane toad simulacra (IceCv)
  6 gnoll sergeants
  A wyvern zombie (D:7)
  A wyvern skeleton (D:7)
  4 jellies
  14 killer bees
  14 wights
  4 elephant simulacra (IceCv)
  A vampire bat (Lair:3)
  4 howler monkeys
  2 electric eels
  4 hounds
  11 orc priests
  A bullfrog zombie (D:6)
  A centaur skeleton (D:5)
  7 centaur zombies
  Crazy Yiuf (D:5)
  3 gnoll shamans
  Jessica (D:2)
  4 iguanas
  11 orc wizards
  7 spriggan simulacra (IceCv)
  2 hell rats (Lair:1)
  3 polar bear simulacra (IceCv)
  2 killer bee zombies
  5 troll simulacra (IceCv)
  A hound zombie (D:5)
  2 hound skeletons
  A howler monkey zombie (D:10)
  Robin (D:3)
  A howler monkey skeleton (D:4)
  29 gnolls
  8 river rats (Lair:1)
  3 adders
  11 naga simulacra (IceCv)
  8 white imps
  5 ufetubi
  A worm (D:4)
  A dart slug (D:1)
  47 orcs
  5 endoplasms
  5 giant cockroaches
  18 goblins
  11 hobgoblins
  2 jackals (D:4)
  4 quokkas
  9 ball pythons
  12 bats
  6 frilled lizards
  26 kobolds
  4 rats
793 creatures vanquished.

Vanquished Creatures (collateral kills)
  An orc knight (Bailey)
  An orc warrior (Bailey)
  A kobold (Bailey)
3 creatures vanquished.

Vanquished Creatures (others)
  A hydra (D:12)
  14 fungi
  45 plants
  4 tentacles (Shoals:2)
64 creatures vanquished.

Grand Total: 860 creatures vanquished

Notes
Turn   | Place    | Note
-------+----------+-------------------------------------------
     0 | D:1      | Eitelfritz the Minotaur Gladiator began the quest for the
                  | Orb.
     0 | D:1      | Reached XP level 1. HP: 18/18 MP: 0/0
   372 | D:1      | Reached XP level 2. HP: 25/25 MP: 1/1
   415 | D:1      | Reached skill level 4 in Maces & Flails
   447 | D:1      | You fall into a shaft and drop 1 floor!
   668 | D:1      | Reached skill level 1 in Armour
  1487 | D:2      | Reached XP level 3. HP: 21/30 MP: 2/2
  1653 | D:2      | Noticed Jessica
  1666 | D:2      | Killed Jessica
  1667 | D:2      | Reached XP level 4. HP: 15/38 MP: 3/3
  1899 | D:2      | Found a faded altar of an unknown god.
  2155 | D:2      | Noticed a scorpion
  2165 | D:2      | Killed a scorpion
  2166 | D:2      | Reached skill level 5 in Maces & Flails
  2166 | D:2      | Reached XP level 5. HP: 32/45 MP: 4/4
  3050 | D:3      | Noticed Robin
  3086 | D:3      | Killed Robin
  3515 | D:3      | Found a stormy altar of Qazlal.
  3593 | D:4      | Noticed an ogre
  3597 | D:4      | Killed an ogre
  3598 | D:4      | Reached skill level 6 in Maces & Flails
  3598 | D:4      | Reached XP level 6. HP: 50/52 MP: 5/5
  3652 | D:4      | Reached skill level 1 in Stealth
  3759 | D:4      | Noticed Edmund
  3774 | D:4      | Killed Edmund
  3823 | D:4      | Found a glowing drain.
  3847 | Sewer    | Entered a sewer
  3941 | Sewer    | Noticed Pargi
  3951 | Sewer    | Killed Pargi
  3952 | Sewer    | Reached skill level 7 in Maces & Flails
  3952 | Sewer    | Reached XP level 7. HP: 46/59 MP: 6/6
  4662 | D:4      | Reached skill level 8 in Maces & Flails
  4662 | D:4      | Reached skill level 5 in Armour
  5127 | D:4      | Identified 2 scrolls of acquirement
  5127 | D:4      | Acquired the +1 hat of Liomaoli {rPois Str+3 SInv}
  5182 | D:4      | Acquired the +3 pair of seven-league boots {Rampage+∞}
  5182 | D:4      | Found the +3 pair of seven-league boots {Rampage+∞}
  5190 | D:5      | Entered Level 5 of the Dungeon
  5194 | D:5      | Noticed a yak
  5194 | D:5      | Noticed a yak
  5194 | D:5      | Noticed a yak
  5194 | D:5      | Noticed a yak
  5195 | D:5      | Noticed a yak
  5198 | D:5      | Noticed a yak
  5204 | D:5      | Killed a yak
  5205 | D:5      | Reached XP level 8. HP: 56/67 MP: 7/7
  5230 | D:5      | Reached skill level 5 in Fighting
  5230 | D:5      | Reached skill level 9 in Maces & Flails
  5233 | D:5      | Reached skill level 5 in Dodging
  5810 | D:5      | Found Vuedebb's Armour Boutique.
  5865 | D:5      | Reached XP level 9. HP: 74/74 MP: 8/8
  6207 | D:5      | Found a runed translucent door.
  6208 | D:5      | Noticed Crazy Yiuf
  6280 | D:5      | Reached skill level 10 in Maces & Flails
  6403 | D:5      | Bought a +2 scale mail of willpower for 294 gold pieces
  6570 | D:5      | Found a shadowy altar of Dithmenos.
  6658 | D:5      | Killed Crazy Yiuf
  6788 | D:6      | Reached skill level 11 in Maces & Flails
  6967 | D:6      | Found a broken altar of Ashenzari.
  7557 | D:6      | Found a blossoming altar of Fedhas.
  7557 | D:6      | Found a basalt altar of Yredelemnul.
  7591 | D:6      | Found Ynka's Distillery.
  7594 | D:6      | Bought a potion of curing for 36 gold pieces
  7594 | D:6      | Bought a potion of curing for 36 gold pieces
  8012 | D:7      | Found a transporter.
  8133 | D:7      | Found a transporter.
  8153 | D:7      | Found a staircase to the Ecumenical Temple.
  8190 | D:7      | Reached skill level 1 in Bows
  8294 | Temple   | Entered the Ecumenical Temple
  8340 | D:7      | Identified the ring of Fuder {Dex+6 Slay+3}
  8433 | D:7      | Reached XP level 10. HP: 83/83 MP: 9/9
  8442 | D:7      | Reached skill level 12 in Maces & Flails
  8615 | D:7      | Noticed a centaur warrior
  8625 | D:7      | Killed a centaur warrior
  9132 | D:7      | Found a hide-covered altar of Uskayaw.
  9290 | D:7      | Noticed Andrea's ghost (novice GnDe)
  9590 | Temple   | Became a worshipper of Nemelex Xobeh the Trickster
 10086 | D:8      | Reached skill level 13 in Maces & Flails
 10246 | D:8      | Reached skill level 1 in Invocations
 10610 | D:8      | Noticed a cyclops
 10632 | D:8      | Killed a cyclops
 10639 | D:8      | Reached XP level 11. HP: 75/94 MP: 10/12
 10660 | D:8      | Noticed a cyan ugly thing
 10667 | D:8      | Killed a cyan ugly thing
 11084 | D:9      | Noticed a two-headed ogre
 11092 | D:9      | Killed a two-headed ogre
 11139 | D:9      | Noticed a two-headed ogre
 11152 | D:9      | Killed a two-headed ogre
 11340 | D:9      | Found a glowing silver altar of Zin.
 11347 | D:9      | Reached skill level 14 in Maces & Flails
 11374 | D:9      | Reached * piety under Nemelex Xobeh
 11945 | D:9      | Received a gift from Nemelex Xobeh
 12000 | D:10     | Entered Level 10 of the Dungeon
 12000 | D:10     | Noticed a brown ugly thing
 12012 | D:10     | Killed a brown ugly thing
 12013 | D:10     | Reached skill level 10 in Armour
 12028 | D:10     | Noticed Joseph
 12034 | D:10     | Noticed Fannar
 12043 | D:10     | Killed Joseph
 12057 | D:10     | Killed Fannar
 12085 | D:10     | Found a flagged portal.
 12115 | Bailey   | Entered a bailey
 12291 | Bailey   | Noticed an orc knight
 12297 | Bailey   | Noticed an orc knight
 12604 | Bailey   | Killed an orc knight
 12613 | Bailey   | Killed an orc knight
 13032 | D:10     | Found Ilampuso's Antique Armour Shop.
 13066 | D:10     | Found Wuoshrece's Assorted Antiques.
 13080 | D:10     | Bought a scroll of identify for 78 gold pieces
 13080 | D:10     | Bought a scroll labelled NINALU PIHUMPU for 39 gold pieces
 13080 | D:10     | Bought a scroll labelled NANTYMMEUMA for 39 gold pieces
 13129 | D:10     | Found Heir's Antique Weapon Shop.
 13147 | D:10     | Bought a glowing dire flail for 217 gold pieces
 13166 | D:10     | Noticed a two-headed ogre
 13168 | D:10     | Found Koqehop's General Store.
 13176 | D:10     | Killed a two-headed ogre
 13183 | D:10     | Paralysed by a floating eye for 3 turns
 13187 | D:10     | Paralysed by a floating eye for 2 turns
 13202 | D:10     | Reached skill level 5 in Invocations
 13212 | D:10     | Reached XP level 12. HP: 61/106 MP: 14/14
 13332 | D:10     | Reached skill level 10 in Fighting
 13582 | D:10     | Bought a potion of berserk rage for 85 gold pieces
 13582 | D:10     | Bought a potion of heal wounds for 85 gold pieces
 13610 | D:10     | Found Dextohim's General Store.
 13613 | D:10     | Bought a scroll of identify for 26 gold pieces
 13649 | D:10     | Found a staircase to the Lair.
 13668 | D:10     | Reached skill level 5 in Bows
 13778 | D:10     | Reached ** piety under Nemelex Xobeh
 13926 | D:10     | Reached skill level 15 in Maces & Flails
 14132 | D:7      | Killed Andrea's ghost
 14665 | D:11     | Paralysed by a hornet for 3 turns
 15448 | D:11     | Received a gift from Nemelex Xobeh
 15742 | D:12     | Found a gate leading to a gauntlet.
 15749 | Gauntlet | Entered a Gauntlet
 15749 | Gauntlet | Found a transporter.
 15751 | Gauntlet | Found a runed translucent door.
 15752 | Gauntlet | Found a transporter.
 15766 | Gauntlet | Found a runed translucent door.
 15768 | Gauntlet | Found a transporter.
 15772 | Gauntlet | Found a transporter.
 15792 | Gauntlet | Found a transporter.
 15802 | Gauntlet | Found a transporter.
 15804 | Gauntlet | Noticed a ghost crab
 15818 | Gauntlet | Found a transporter.
 15838 | Gauntlet | Found a transporter.
 15842 | Gauntlet | Found a transporter.
 15848 | Gauntlet | Noticed a great orb of eyes
 15850 | Gauntlet | Found a transporter.
 15875 | Gauntlet | Found a transporter.
 15877 | Gauntlet | Found a transporter.
 15956 | Gauntlet | Killed a great orb of eyes
 15972 | Gauntlet | Identified the ring of the Traitor {Fly rC+}
 16233 | Gauntlet | Noticed a minotaur
 16246 | Gauntlet | Killed a minotaur
 16247 | Gauntlet | Reached XP level 13. HP: 81/116 MP: 17/17
 16406 | Gauntlet | Identified the +6 demon blade of the Doomed Warrior {venom,
                  | Int+7 Dex-5 Stlth+}
 16406 | Gauntlet | Identified the +3 ring mail of the Shining Light {Int-4
                  | Slay+6}
 16487 | D:12     | Reached *** piety under Nemelex Xobeh
 16494 | D:12     | Found Yjuolenoe's Assorted Antiques.
 16550 | D:12     | Noticed Azrael
 16561 | D:12     | Killed Azrael
 16987 | D:12     | Reached skill level 16 in Maces & Flails
 17122 | D:12     | Found a staircase to the Orcish Mines.
 17565 | D:12     | Received a gift from Nemelex Xobeh
 18752 | D:13     | Identified the +1 robe "Fagal" {rN+ rCorr Int-2 Stlth+}
 18755 | D:13     | Noticed Gasan's ghost (journeyman DrFE)
 19066 | D:13     | Reached **** piety under Nemelex Xobeh
 19089 | D:13     | Found a transporter.
 19102 | D:13     | Found a transporter.
 19106 | D:13     | Found a bloodstained altar of Trog.
 19110 | D:13     | Received a gift from Nemelex Xobeh
 19146 | D:13     | Noticed Sonja
 19154 | D:13     | Killed Sonja
 19564 | D:13     | Got the Collected Works on the Gliding Escort
 19839 | Lair:1   | Entered Level 1 of the Lair of Beasts
 19890 | Lair:1   | Identified the +5 morningstar "Fearphil" {freeze, rElec rF-
                  | MP+9 Str+3}
 19907 | Lair:1   | Reached skill level 17 in Maces & Flails
 20261 | Lair:1   | Reached XP level 14. HP: 128/129 MP: 19/19
 20704 | Lair:2   | Noticed Erica
 20712 | Lair:2   | Killed Erica
 20934 | Lair:2   | Noticed Nergalle
 20941 | Lair:2   | Killed Nergalle
 21126 | Lair:2   | Received a gift from Nemelex Xobeh
 21132 | Lair:2   | Reached ***** piety under Nemelex Xobeh
 21463 | Lair:3   | Received a gift from Nemelex Xobeh
 22212 | Lair:4   | Found a hole to the Spider Nest.
 22218 | Spider:1 | Entered Level 1 of the Spider Nest
 22271 | Lair:4   | Received a gift from Nemelex Xobeh
 22314 | Lair:4   | Found a frozen archway.
 22363 | IceCv    | Entered an ice cave
 22944 | IceCv    | Got the Reference Book on Snow
 23226 | Lair:4   | Received a gift from Nemelex Xobeh
 23856 | Lair:4   | Found a staircase to the Shoals.
 24188 | Lair:5   | Received a gift from Nemelex Xobeh
 24290 | Lair:5   | Found a staircase to the Slime Pits.
 24291 | Lair:5   | Reached ****** piety under Nemelex Xobeh
 24448 | Lair:5   | Reached skill level 18 in Maces & Flails
 24448 | Lair:5   | Reached skill level 10 in Invocations
 24467 | Lair:5   | Reached skill level 10 in Dodging
 24473 | Lair:5   | Reached skill level 15 in Fighting
 24855 | Lair:6   | Entered Level 6 of the Lair of Beasts
 24937 | Lair:6   | Received a gift from Nemelex Xobeh
 24956 | Lair:6   | Reached XP level 15. HP: 141/141 MP: 21/21
 25103 | Lair:6   | Received a gift from Nemelex Xobeh
 25603 | Lair:6   | Got Dispater's Grimoire of the Mountains and the Entourage
 25764 | Lair:6   | Found a corrupted altar of Lugonu.
 25764 | Lair:6   | Found a one-way gate to the infinite horrors of the Abyss.
 25790 | Lair:6   | Got the Papyrus of Stolen Souls
 26269 | Shoals:1 | Entered Level 1 of the Shoals
 26269 | Shoals:1 | Noticed Frances
 26279 | Shoals:1 | Killed Frances
 26524 | Shoals:1 | Noticed Roxanne
 26526 | Shoals:1 | Received a gift from Nemelex Xobeh
 26542 | Shoals:1 | Found Jecaaq's Antique Weapon Shoppe.
 26546 | Shoals:1 | Killed Roxanne
 26677 | Shoals:1 | Reached skill level 19 in Maces & Flails
 27005 | Shoals:1 | Noticed Mlioglotl
 27189 | Shoals:1 | Reached XP level 16. HP: 122/152 MP: 23/23
 27546 | Shoals:1 | Killed Mlioglotl
 28302 | Shoals:2 | Received a gift from Nemelex Xobeh
 28308 | Shoals:2 | Noticed a kraken
 28322 | Shoals:2 | Killed a kraken
 28580 | Shoals:3 | HP: 2/155 [faun/stone (9)]
 28581 | Shoals:3 | Shot with a stone by a faun

Illustrated notes

Levels and vault maps discovered:
D:1:      lordsloth_arrival_two_stooges, layout_basic, minmay_small_reverse_x
D:2:      layout_rooms, chequers_ecumenical_altar_simple, uniq_jessica
D:3:      layout_loops_ring, nicolae_overflow_hidden_temple, uniq_robin
D:4:      layout_gridville, portal_sewer_entry_f, uniq_edmund
D:5:      layout_basic, grunt_dithmenos_shadows, kennysheep_windowed_goal,
          uniq_crazy_yiuf_cottage
D:6:      layout_basic, mainiacjoe_overflow_chevrons,
          mainiacjoe_overflow_divided_tiny, serial_shops, kennysheep_mini_moat
D:7:      nzn_winding_woodlands_three_and_one
          [nzn_winding_woodlands_5x15_river_crossing,
          nzn_winding_woodlands_5x15_jagged,
          nzn_winding_woodlands_5x15_sidewinder,
          nzn_winding_woodlands_center_lodge], layout_loops_ring,
          mainiacjoe_overflow_cross_hatched, minmay_temple_entry_ruins,
          gammafunk_ghost_gnarly_gnolls
D:8:      minmay_blocky_corners, layout_loops_cross, due_unseen_surprise
D:9:      layout_basic, amcnicky_altar_gilded
D:10:     layout_rooms, dpeg_oklobed_lair, enter_bailey_4, serial_shops, shop,
          nicolae_shop_behind_doors, shop, nicolae_shop_overgrown_old_shop,
          nicolae_take_the_stairs, onia_ninara_cookie, uniq_joseph, uniq_fannar
D:11:     minmay_recursive_quarters, layout_basic
D:12:     layout_rooms, kennysheep_orc_monster_closet_entryway,
          gauntlet_entry_generic, serial_shops, nicolae_shop_overgrown_old_shop,
          uniq_azrael
D:13:     layout_irregular_city, gammafunk_ghost_wrathful_warriors,
          serial_rivers, chequers_serial_rivers_large_a,
          chequers_serial_rivers_micro_c, chequers_serial_rivers_large_b,
          chequers_serial_rivers_marsh, chequers_serial_rivers_small_b,
          chequers_serial_rivers_micro_a, st_stairs_1, minmay_misc_feat_plants,
          minmay_librarian, uniq_sonja
Temple:   nicolae_temple_no_exploring_needed
Lair:1:   layout_roguey, nicolae_quartered_pool_super, kennysheep_rathole
Lair:2:   layout_roguey, grunt_megastairs_1, uniq_erica, uniq_nergalle
Lair:3:   layout_regular_city, roderic_batcave, grunt_megastairs_5
Lair:4:   layout_layer_cave, elwin_shoals_entry_stream, dummy_spider_entry,
          portal_ice_cave_entry_animals_and_master
Lair:5:   layout_misc_corridors, minmay_slime_entry_pillars,
          bobbens_ice_dragon_lair
Lair:6:   hellmonk_lair_end_abyssal_woods, layout_regular_city, worms_lemuel,
          grunt_megastairs_3
Shoals:1: layout_shoals, serial_shops, shop_coins, uniq_frances, uniq_mlioglotl,
          uniq_roxanne
Shoals:2: layout_shoals
Shoals:3: layout_shoals, nicolae_splish_splash
Spider:1: nicolae_spider_hilbert_zone_5 [nicolae_spider_hilbert_3_sides_1_open,
          nicolae_spider_hilbert_4_sides_1_open,
          nicolae_spider_hilbert_4_sides_1_open,
          nicolae_spider_hilbert_6_sides_1_open,
          nicolae_spider_hilbert_6_sides_1_open],
          hellmonk_ghost_happy_afterlife, nicolae_spider_paper_wasps,
          uniq_josephine

Skill      XL: |  1  2  3  4  5  6  7  8  9 10 11 12 13 14 15 16 |
---------------+-------------------------------------------------+-----
Maces & Flails | 4 5 6 7 8 9 11 13 14 15 17 18 19 | 19.8
Armour         | 2 3 4 5 7 8 9 10 11 12 | 12.7
Fighting       | 3 4 5 6 8 9 11 13 15 16 17 | 17.2
Dodging        | 4 5 6 7 8 10 11 12 | 12.0
Stealth        | 1 2 3 4 |  4.0
Throwing       | 4 |  4.7
Bows           | 1 2 4 5 |  5.2
Invocations    | 2 5 7 8 10 11 | 11.9

Action                   |  1- 3 |  4- 6 |  7- 9 | 10-12 | 13-15 | 16-18 || total
-------------------------+-------+-------+-------+-------+-------+-------++-------
Melee: Flail             |    58 |    74 |    48 |       |       |       ||   180
       Headbutt          |     3 |    18 |    58 |   156 |   354 |    45 ||   634
       Mace              |       |    66 |   136 |       |       |       ||   202
       Punch             |       |     1 |     4 |       |       |       ||     5
       Dire flail        |       |       |    81 |   764 |  1205 |   155 ||  2205
 Fire: Shortbow          |       |       |     4 |    33 |       |       ||    37
       Longbow           |       |       |       |       |     5 |     4 ||     9
Throw: Javelin           |       |     8 |    27 |     3 |     5 |       ||    43
Invok: Draw Summoning    |       |       |       |     1 |       |       ||     1
       Draw Destruction  |       |       |       |       |     4 |       ||     4
       Deal Four         |       |       |       |       |       |     1 ||     1
  Use: Scroll            |       |       |    15 |     6 |     7 |     7 ||    35
       Potion            |       |       |       |     1 |     1 |     4 ||     6
Armor: Leather armour    |    10 |     7 |       |       |       |       ||    17
       Scale mail        |       |    40 |    95 |   315 |    77 |       ||   527
       Troll leather arm |       |       |       |       |   306 |    83 ||   389
Dodge: Dodged            |    44 |    90 |   100 |   383 |   650 |   175 ||  1442
